 Dungeon Crawl Stone Soup version 0.30-a0-567-gf7fd966b4a (webtiles) character file.

Game seed: 4333211121662076982

6 Dirtsage the Insei (level 1, -1/13 HPs)
             Began as an Octopode Transmuter on Dec 28, 2022.
             Slain by a kobold
             ... wielding a +0 dagger of electrocution
              (12 damage)
             ... on level 1 of the Dungeon.
             The game lasted 00:00:43 (207 turns).

Dirtsage the Insei (Octopode Transmuter)             Turns: 207, Time: 00:00:43

Health: -1/13      AC:  1    Str:  9    XL:     1   Next: 90%
Magic:  3/3        EV: 13    Int: 15    God:
Gold:   22         SH:  0    Dex: 12    Spells: 3/4 levels left

rFire   . . .      SeeInvis .      - Unarmed
rCold   . . .      Faith    .    (no shield)
rNeg    . . .      Spirit   .    (helmet restricted)
rPois   .          Reflect  .    (no amulet)
rElec   .          Harm     .    (no ring)
rCorr   .          Rampage  .    (no ring)
Will    .....                    (no ring)
Stlth   ++                       (no ring)
HPRegen 0.22/turn                (no ring)
MPRegen 0.08/turn                (no ring)
                                 (no ring)
                                 (no ring)

@: no status effects
A: almost no armour, amphibious, 8 rings, camouflage 1, gelatinous body 1,
(nimble swimmer 1), tentacles
a: no special abilities


You were on level 1 of the Dungeon.
You visited 1 branch of the dungeon, and saw 1 of its levels.

You collected 22 gold pieces.

Inventory:

Potions
 a - a potion of lignification
 b - a potion of degeneration {unknown}
 c - a potion of haste {unknown}
 d - 2 potions of ambrosia {unknown}


   Skills:
 - Level 1.0 Fighting
 - Level 2.0 Dodging
 - Level 3.0 Unarmed Combat
 - Level 2.0 Spellcasting
 * Level 2.3 Transmutations
 * Level 0.9 Ice Magic


You had 3 spell levels left.
You knew the following spells:

 Your Spells              Type           Power      Damage    Failure   Level
a - Beastly Appendage     Tmut           16%        N/A       9%          1

Your spell library contained the following spells:

 Spells                   Type           Power      Damage    Failure   Level
 Wereblood                Tmut           8%         N/A       13%         2
 Spider Form              Tmut/Pois      4%         N/A       38%         3
 Ice Form                 Ice/Tmut       6%         N/A       75%         4


Dungeon Overview and Level Annotations

Branches:
Dungeon (1/15)

Altars:


Innate Abilities, Weirdness & Mutations

You cannot wear most types of armour.
You are amphibious.
You can wear up to eight rings at the same time.
Your skin changes colour to match your surroundings (Stealth+).
Your rubbery body absorbs attacks. (AC +1, EV +1)
((You are camouflaged when in or above water. (Stealth+)))
You have tentacles for arms and can constrict up to eight enemies at once.


Message History

Health restored: 13 You miss the frilled lizard.
You grab the frilled lizard. You squeeze the frilled lizard.
You kill the frilled lizard!
You tentacle-slap the rat.
You kill the rat!
Your transformation is almost over.
Magic restored.
Things that are here:
a +0 short sword; a kobold corpse
Things that are here:
a rat corpse; a frilled lizard corpse Your tentacle spike disappears.
You enter the shallow water.
A rat comes into view.
MP restored: 3 The helpless rat fails to defend itself.
You tentacle-slap the rat.
You kill the rat!
No target in view!
No target in view!
A giant cockroach comes into view.
A giant cockroach is nearby!
The helpless giant cockroach fails to defend itself.
You tentacle-slap the giant cockroach.
You kill the giant cockroach!
No target in view!
c - a silvery potion You now have 22 gold pieces (gained 7).
d - 2 bubbling coppery potions You enter the shallow water.
A kobold comes into view.
It is wielding a +0 dagger of electrocution.
The kobold shouts!
The kobold barely misses you.
You tentacle-slap the kobold but do no damage.
You grab the kobold. You constrict the kobold.
The kobold hits you with a +0 dagger of electrocution.
You are electrocuted!
Ouch! That really hurt!
You die...

###########. #..........
#......$..#
#.........###
#........... #...?.....#
####......K..#
........@# # #.......#
#.##.......#
.........######.
##............. ..
#............. ....
#......8.....8........##
###.#........... .......
#.#........... .......


You could see a kobold.

Vanquished Creatures
  An endoplasm (D:1)
  A giant cockroach (D:1)
  A kobold (D:1)
  A frilled lizard (D:1)
  2 rats (D:1)
6 creatures vanquished.

Notes
Turn   | Place    | Note
-------+----------+-------------------------------------------
     0 | D:1      | Dirtsage the Octopode Transmuter began the quest for the
                  | Orb.
     0 | D:1      | Reached XP level 1. HP: 13/13 MP: 3/3
   207 | D:1      | Slain by a kobold

Illustrated notes

Levels and vault maps discovered:
D:1:      amcnicky_arrival_flooded_fountain, layout_basic,
          chequers_serial_rivers_large_a, palyth_stone_intersect,
          corexii_leaking_fountain, roderic_cross_of_infinity,
          serial_bayou_lagoon_a, st_stairs_1,
          nicolae_concentric_dashed_squares_mild

Action                   || total
-------------------------++-------
Melee: Unarmed           ||    10
       Constrict         ||     3
       Tentacles         ||     2
 Cast: Beastly Appendage ||     1
 Stab: Sleeping          ||     2
Armor: Skin              ||     1
Dodge: Dodged            ||     2

Table legend: (Time is in decaauts)
 A = Elapsed time spent in this place.
 B = Non-inter-level travel time spent in this place.
 C = Inter-level travel time spent in this place.
 D = Time resting spent in this place.
 E = Time spent auto-exploring this place.
 F = Levels seen in this place.
 G = Mean time per level.
                   A        B        C        D        E       F      G
               +--------+--------+--------+--------+--------+-----+--------+
         Total |    206 |    206 |      0 |      0 |    153 |   1 |  206.0 |
       Dungeon |    206 |    206 |      0 |      0 |    153 |   1 |  206.0 |
               +--------+--------+--------+--------+--------+-----+--------+

Top non-repeatable levels by time:
     D:1: 206 daAuts
